 Dungeon Crawl Stone Soup version 0.18-a0-1805-g8ab820f (webtiles) character file.

8383 Denapoli the Grappler (level 11, -18/100 HPs)
             Began as a Troll Fighter on Apr 25, 2016.
             Was a High Priest of Okawaru.
             Demolished by an ettin
             ... wielding a +0 dire flail
              (25 damage)
             ... on level 1 of the Orcish Mines.
             The game lasted 00:20:37 (7441 turns).

Denapoli the Grappler (Troll Fighter)               Turns: 7441, Time: 00:20:37

Health: -18/100    AC:  8    Str: 29    XL:     11   Next: 9%
Magic:  12/12      EV:  5    Int:  4    God:    Okawaru [*****.]
Gold:   670        SH: 12    Dex:  9    Spells: 0 memorised, 10 levels left

rFire  + + +     SeeInvis .       - Unarmed
rCold  + . .     Gourm    +     a - +0 robe
rNeg   . . .     Faith    .     b - +1 shield
rPois  .         Spirit   .     (helmet restricted)
rElec  .         Dismiss  .     I - +2 cloak "Vus Qint" {-Tele +Fly rF++ rC+}
rCorr  .         Reflect  .     (gloves unavailable)
SustAt +         Harm     .     (boots unavailable)
MR     .....     NoTele   +     s - amulet of rage
Stlth  +.........               x - ring of sustain attributes
                                r - ring of protection from fire

@: not resistant to hostile enchantments, very unstealthy
A: unfitting armour, claws 3, fast metabolism 3, gourmand, regeneration 2,
shaggy fur 1, tough skin 2
a: Heroism, Finesse, Renounce Religion, Evoke Berserk Rage, Evoke Flight


You were on level 1 of the Orcish Mines.
You worshipped Okawaru.
Okawaru was extremely pleased with you.
You were completely stuffed.

You visited 3 branches of the dungeon, and saw 13 of its levels.

You collected 670 gold pieces.

Inventory:

Hand Weapons
 w - a +0 scimitar of flaming
Missiles
 e - 6 javelins (quivered)
Armour
 a - a +0 robe (worn)
 b - a +1 shield (worn)
 I - the +2 cloak "Vus Qint" (worn) {-Tele +Fly rF++ rC+}
   (You found it on level 7 of the Dungeon)

   It greatly protects you from fire.
   It protects you from cold.
   It lets you fly.
   It prevents most forms of teleportation.
Jewellery
 h - an uncursed amulet of dismissal
 r - a ring of protection from fire (left claw)
 s - an amulet of rage (around neck)
 x - a ring of sustain attributes (right claw)
 y - an uncursed ring of magical power
 B - an uncursed ring of protection from fire
Wands
 q - a wand of confusion (48/48)
 u - a wand of disintegration (6/24)
 H - a wand of flame (10/48)
 M - a wand of digging (9/24)
 N - a wand of hasting (4/9)
 O - a wand of enslavement (14/24)
Scrolls
 g - 7 scrolls of identify
 i - 3 scrolls of blinking
 j - 2 scrolls of enchant armour
 l - a scroll of fog
 o - 3 scrolls of teleportation
 C - a scroll of random uselessness {unknown}
 D - 2 scrolls of immolation
 F - 4 scrolls of amnesia
 J - 4 scrolls of fear {unknown}
 K - 2 scrolls of enchant weapon
Potions
 c - 3 potions of might
 f - a potion of mutation {unknown}
 n - 2 potions of heal wounds {unknown}
 v - 2 potions of curing
 A - 2 potions of resistance
 G - a potion of agility
 P - a potion of ambrosia
Books
 L - a book of Dreams

   Spells                             Type                      Level
   a - Ensorcelled Hibernation        Hexes/Ice                    2
   b - Silence                        Hexes/Air                    5
   c - Darkness                       Hexes                        6
   d - Shadow Creatures               Summoning                    6
Comestibles
 d - 11 bread rations
 k - a royal jelly
 m - 2 beef jerkies
 p - 2 slices of pizza
 t - 2 fruits
 z - 2 meat rations


   Skills:
 + Level 4.0 Fighting
 + Level 3.3 Throwing
 + Level 4.1 Dodging
 - Level 9.3 Shields
 + Level 11.1 Unarmed Combat
 + Level 3.4 Invocations


You had 10 spell levels left.
You didn't know any spells.

Dungeon Overview and Level Annotations

Branches:
Dungeon (10/15)            Temple (1/1) D:5             Orc (2/2) D:10
   Lair: D:8-11         Elf: Orc:2

Altars:
Ashenzari
Cheibriados
Dithmenos
Elyvilon
Fedhas
Gozag
Kikubaaqudgha
Makhleb
Nemelex Xobeh
Okawaru
Pakellas
Qazlal
Ru
Sif Muna
Trog
Vehumet
Xom
Yredelemnul
Zin
The Shining One
Beogh

Shops:
D:5 [   D:7 *   D:9 !*


Innate Abilities, Weirdness & Mutations

You are too large for most types of armour.
You have claws for hands.
Your metabolism is lightning-fast.
You like to eat raw meat.
You heal very quickly.
You are covered in fur (AC +1).
You have very tough skin (AC +2).


Message History

There is a stone staircase leading up, spattered with blood here.
You climb upwards.
You hear the roar of battle.
There is an entrance to a bailey on this level.
Hurry and find it before the portal closes forever!
You hear the faint creaking of a very distant portcullis.
The goblin shouts!
You block the orc's attack. The warg bites you.
The ogre hits you with a giant spiked club!
The ettin hits you with a dire flail!!!
* * * LOW HITPOINT WARNING * * *
The ettin barely misses you. You block the goblin's attack. The warg bites you!
* * * LOW HITPOINT WARNING * * *
The orc hits you with a falchion.
* * * LOW HITPOINT WARNING * * *
You hear a shout!
There is a stone staircase leading down, spattered with blood here.
The warg bites you!
* * * LOW HITPOINT WARNING * * *
The ettin hits you with a dire flail!!
You die...

## .. ##
###.##. .
#...... .# #
...... #.##.# #
#.... #......
...#...#...$#.#
......gO.......
#....g@o...#
#....hgC......
##............
#.....≈≈≈≈≈≈≈.
....$..≈#####≈.
.#.....≈# $
#.....≈.
##....≈#


You could see an ettin, a warg, an ogre, an orc and 3 goblins.

Vanquished Creatures
  Erica (D:9)
  Maurice (D:9)
  A troll (Orc:1)
  Prince Ribbit (D:8)
  Sigmund (D:6)
  12 yaks
  A spriggan (D:7)
  Grum (D:10)
  3 wargs
  A water moccasin (D:10)
  Duvessa (D:4)
  An eye of draining (D:10)
  2 sky beasts
  2 ice beasts
  7 orc warriors
  A black bear (D:6)
  3 centaurs
  2 phantoms
  3 wolves (D:10)
  3 ogres
  2 big kobolds
  2 giant frogs
  Dowan (D:4)
  2 scorpions
  8 killer bees
  A howler monkey (D:5)
  3 crimson imps
  2 quasits
  A giant frog skeleton (D:6)
  7 orc priests
  A centaur skeleton (D:4)
  A giant frog zombie (D:7)
  10 orc wizards
  3 hounds
  A jelly (D:9)
  Jessica (D:2)
  An iguana (D:6)
  Natasha (thrice) (D:2)
  4 worker ants
  A killer bee zombie (D:5)
  A hound zombie (D:8)
  A hound skeleton (D:4)
  A howler monkey zombie (D:10)
  A mummy (D:5)
  2 worker ant zombies
  4 gnolls (D:3)
  7 adders
  2 shadow imps (D:7)
  An ooze (D:3)
  2 adder skeletons
  5 worms
  A dart slug (D:1)
  4 giant geckos
  36 orcs
  2 ball pythons
  7 bats
  3 giant cockroaches
  3 goblins
  2 hobgoblins (D:1)
  6 jackals
  18 kobolds
  2 quokkas
  3 giant newts (D:1)
  2 gnoll zombies (D:5)
  A hobgoblin zombie (D:5)
  2 kobold zombies (D:5)
  An orc zombie (D:5)
  A quokka zombie (D:6)
  8 rats
232 creatures vanquished.

Vanquished Creatures (others)
  A wizard (D:9)
1 creature vanquished.

Grand Total: 233 creatures vanquished

Notes
Turn   | Place    | Note
--------------------------------------------------------------
     0 | D:1      | Denapoli the Troll Fighter began the quest for the Orb.
     0 | D:1      | Reached XP level 1. HP: 22/22 MP: 0/0
   230 | D:1      | Reached XP level 2. HP: 29/29 MP: 1/1
   382 | D:2      | Noticed Natasha
   392 | D:2      | Killed Natasha
   392 | D:2      | Reached skill level 3 in Unarmed Combat
   392 | D:2      | Reached XP level 3. HP: 25/36 MP: 2/2
   468 | D:2      | Found a faded altar to an unknown god.
   515 | D:2      | Noticed Natasha
   523 | D:2      | Killed Natasha
   523 | D:2      | Reached XP level 4. HP: 26/44 MP: 3/3
   584 | D:2      | Noticed Jessica
   615 | D:2      | Killed Jessica
   684 | D:3      | Reached XP level 5. HP: 47/50 MP: 4/4
   735 | D:4      | Reached skill level 4 in Unarmed Combat
   880 | D:4      | Reached XP level 6. HP: 59/59 MP: 5/5
  1031 | D:4      | Reached skill level 5 in Unarmed Combat
  1514 | D:4      | Reached skill level 5 in Shields
  1525 | D:5      | Entered Level 5 of the Dungeon
  1635 | D:5      | Noticed an ice beast
  1638 | D:5      | Killed an ice beast
  1638 | D:5      | Reached XP level 7. HP: 66/66 MP: 6/6
  1683 | D:5      | Found a radiant altar of Vehumet.
  1739 | D:5      | Reached skill level 6 in Unarmed Combat
  1878 | D:5      | Found Heboimes's Armour Emporium.
  2077 | D:5      | Found a basalt altar of Yredelemnul.
  2174 | D:5      | Found a staircase to the Ecumenical Temple.
  2188 | Temple   | Entered the Ecumenical Temple
  2388 | Temple   | Became a worshipper of Warmaster Okawaru
  3079 | D:2      | Noticed Natasha
  3088 | D:2      | Reached XP level 8. HP: 73/74 MP: 7/7
  3090 | D:2      | Killed Natasha
  3706 | D:4      | Noticed Duvessa
  3708 | D:4      | Noticed Dowan
  3714 | D:4      | Killed Duvessa
  3714 | D:4      | Reached skill level 7 in Unarmed Combat
  3719 | D:4      | Killed Dowan
  3855 | D:5      | Found an opulent altar of Gozag.
  4178 | D:6      | Noticed Sigmund
  4194 | D:6      | Killed Sigmund
  4241 | D:6      | Reached skill level 8 in Unarmed Combat
  4257 | D:6      | Reached * piety under Okawaru
  4450 | D:6      | Found a burning altar of Makhleb.
  4661 | D:7      | Reached XP level 9. HP: 72/80 MP: 8/8
  4887 | D:7      | Reached skill level 9 in Unarmed Combat
  4921 | D:7      | Reached ** piety under Okawaru
  4977 | D:7      | Found Hizab's General Store.
  5034 | D:7      | Found a deep blue altar of Sif Muna.
  5178 | D:7      | Got an encrusted cloak
  5184 | D:7      | Identified the +2 cloak "Vus Qint" {-Tele +Fly rF++ rC+} (You found it on level 7 of the Dungeon)
  5338 | D:8      | Found a burning altar of Makhleb.
  5555 | D:8      | Noticed Prince Ribbit
  5567 | D:8      | Killed Prince Ribbit
  5755 | D:8      | Reached skill level 10 in Unarmed Combat
  6190 | D:9      | Found Zin's Purification Station.
  6203 | D:9      | Reached *** piety under Okawaru
  6216 | D:9      | Reached XP level 10. HP: 26/88 MP: 6/9
  6230 | D:9      | HP: 4/88 [yak (16)]
  6275 | D:9      | Found a glowing silver altar of Zin.
  6383 | D:9      | Found Joliad's Distillery.
  6616 | D:9      | Noticed Erica
  6616 | D:9      | Noticed Maurice
  6630 | D:9      | Found a bloodstained altar of Trog.
  6639 | D:9      | Killed Maurice
  6639 | D:9      | Reached skill level 1 in Throwing
  6639 | D:9      | Reached skill level 1 in Invocations
  6640 | D:9      | Noticed a wizard
  6643 | D:9      | Killed a wizard
  6644 | D:9      | Killed Erica
  6644 | D:9      | Reached **** piety under Okawaru
  6895 | D:9      | Found a bloodstained altar of Trog.
  6895 | D:9      | Found a shimmering altar of Xom.
  6975 | D:10     | Entered Level 10 of the Dungeon
  6977 | D:10     | Noticed Grum
  6996 | D:10     | Killed Grum
  6996 | D:10     | Received a gift from Okawaru
  7095 | D:10     | Found a staircase to the Orcish Mines.
  7139 | D:10     | Reached skill level 11 in Unarmed Combat
  7159 | D:10     | Reached ***** piety under Okawaru
  7273 | Orc:1    | Entered Level 1 of the Orcish Mines
  7289 | Orc:1    | Reached XP level 11. HP: 98/98 MP: 12/12
  7293 | Orc:1    | Found a roughly hewn altar of Beogh.
  7407 | Orc:2    | Entered Level 2 of the Orcish Mines
  7417 | Orc:1    | Noticed an ettin
  7441 | Orc:1    | Demolished by an ettin

Vault maps used:
D:1:      dpeg_arrival_rooms_c, serial_forest, infiniplex_forest_clump_double,
          infiniplex_forest_straight_2, infiniplex_forest_lined_room_,
          infiniplex_forest_clump_diagonal, infiniplex_forest_straight_5,
          hangedman_decor_opposing, supply_closet_lemuel
D:2:      ecumenical_altar_1, uniq_jessica, uniq_natasha
D:3:      first_bread
D:4:      uniq_duvessa
D:5:      nicolae_gozag_cash_rules_everything_around_me,
          lemuel_zombie_altar_yredelemnul, kennysheep_mini, serial_shops,
          nicolae_shop_stone, minmay_mini_ossuary
D:6:      hangedman_abyss_or_decor_stabs, makhleb_heckhound_becter, uniq_sigmund
D:7:      nicolae_overflow_crystal_walls, serial_shops,
          nicolae_shop_competitors_out_of_business, the_bakery
D:8:      nicolae_overflow_hidden_temple, uniq_prince_ribbit1
D:9:      gammafunk_temple_overflow_pools, zin_purify, serial_shops, shop,
          roderic_roman_lattice, trog_wizard, uniq_erica, uniq_maurice
D:10:     david_orc_3, serial_shops, nicolae_shop_window_shopping,
          okawaru_trees_1, uniq_harold, uniq_grum
Temple:   chambers_temple_12
Orc:1:    enter_bailey_3, basic_altar, uniq_josephine
Orc:2:    st_orc_town, nicolae_orc_stony_grotto

Skill      XL: |  1  2  3  4  5  6  7  8  9 10 11 |
---------------+----------------------------------+-----
Shields        | 3 4 5 6 7 9 |  9.3
Unarmed Combat | 3 4 5 6 8 10 11 | 11.1
Throwing       | 3 |  3.3
Invocations    | 3 |  3.4
Fighting       | 3 4 |  4.0
Dodging        | 4 |  4.1

Action                   |  1- 3 |  4- 6 |  7- 9 | 10-12 || total
-------------------------+-------+-------+-------+-------++-------
Melee: Unarmed           |    66 |   113 |   428 |   185 ||   792
Invok: Heroism           |       |       |     1 |     3 ||     4
  Use: Scroll            |       |       |    11 |       ||    11
       Potion            |       |       |       |     6 ||     6
 Stab: Sleeping          |     1 |       |     1 |       ||     2
       Distracted        |       |       |     1 |       ||     1
  Eat: Chunk             |     2 |     8 |    35 |    17 ||    62
       Bread ration      |       |     1 |     2 |       ||     3
Armor: Robe              |    13 |    34 |    94 |    42 ||   183
Dodge: Dodged            |    24 |    48 |   138 |    59 ||   269
Block: Shield            |    21 |    51 |   254 |   126 ||   452
